Map: [G8] Gresvan

Players

ByuN - Winner!

  • Race: Terran Terran
  • Spawn Location: 11:00

Creator

  • Race: Protoss Protoss
  • Spawn Location: 5:00

Event: Gamers8 2023

VOD

Have the link to the VOD?

Description

Time

  • Played on: Aug. 4, 2023, 7:32 a.m.
  • Length: 21:51

All games in this series

Show
View Real Time Build Order
Export as new Build Order

ByuN Terran - Winner!

Build Orders:  

Get SALT Encoding   

  12  0:00  SCV  
  13  0:14  SCV  
  14  0:17  Supply Depot  
  14  0:26  SCV  
  15  0:39  Barracks  
  15  0:40  SCV  
  16  0:44  Refinery  
  16  0:52  SCV  
  16  0:54  Refinery  
  18  1:04  SCV  
  18  1:16  SCV  
  19  1:25  Reaper  
  19  1:29  Orbital Command  
  20  1:41  Factory  
  20  1:51  Supply Depot  
  21  1:54  SCV  
  21  1:58  Barracks Reactor  
  21  2:06  SCV  
  22  2:18  Command Center  
  22  2:21  SCV  
  23  2:25  Widow Mine  
  25  2:33  SCV  
  25  2:36  Starport  
  26  2:42  Supply Depot  
  26  2:45  SCV  
  26  2:48  Widow Mine  
  29  2:55  Marine  
  29  2:58  SCV  
  31  3:10  SCV  
  31  3:11  Marine  
  31  3:12  Factory Tech Lab  
  33  3:13  Marine  
  34  3:20  Medivac  
  34  3:22  SCV  
  37  3:29  Marine  
  37  3:31  Marine  
  40  3:34  SCV  
  40  3:36  Factory Tech Lab  
  40  3:46  SCV  
  40  3:47  Marine  
  40  3:48  Barracks  
  42  3:49  Marine  
  42  3:52  Orbital Command  
  43  3:58  SCV  
  43  4:02  Raven  
  49  4:08  Supply Depot  
  47  4:11  SCV  
  47  4:16  Marine x2  
  52  4:23  SCV x2  
  53  4:25  Cyclone  
  53  4:27  Barracks  
  53  4:32  Supply Depot  
  53  4:35  SCV  
  53  4:36  SCV  
  55  4:38  Bunker  
  55  4:40  Marine x2  
  57  4:47  SCV  
  57  4:48  SCV  
  58  4:58  Engineering Bay  
  58  4:59  SCV, Stimpack  
  58  5:00  SCV  
  58  5:02  Marine  
  58  5:03  Marine  
  60  5:08  Factory Reactor  
  60  5:11  SCV  
  60  5:12  SCV  
  60  5:14  Refinery  
  62  5:18  Starport Reactor, Supply Depot  
  62  5:23  SCV  
  62  5:24  SCV  
  64  5:31  Marauder x2  
  68  5:35  SCV  
  68  5:36  SCV  
  68  5:41  Marine  
  68  5:42  Marine  
  70  5:47  SCV, Supply Depot  
  70  5:48  Terran Infantry Weapons Level 1, SCV  
  68  6:00  SCV x2  
  68  6:02  Combat Shield  
  68  6:03  Marauder x2  
  74  6:05  Command Center  
  74  6:08  Medivac x2  
  74  6:10  Marine  
  74  6:11  Marine  
  80  6:14  Supply Depot  
  80  6:20  SCV x2  
  77  6:28  Marauder x2, Marine  
  77  6:29  Marine  
  83  6:33  Barracks  
  83  6:34  Barracks  
  83  6:37  SCV x2  
  84  6:43  Armory  
  84  6:45  Engineering Bay  
  84  6:46  Refinery  
  84  6:49  SCV x2  
  84  6:54  Supply Depot  
  86  6:55  Concussive Shells  
  86  6:58  Marauder x2  
  90  7:01  SCV x2  
  90  7:05  Marine x2  
  94  7:15  Medivac x2, SCV x2  
  99  7:21  Barracks Reactor, Barracks Tech Lab  
  99  7:22  Missile Turret  
  100  7:25  Orbital Command  
  100  7:27  SCV x2, Missile Turret  
  102  7:36  Terran Infantry Armor Level 1  
  102  7:40  SCV x2  
  102  7:43  Ghost Academy  
  108  7:46  Terran Infantry Weapons Level 2  
  108  7:48  Marauder x3  
  108  7:49  Marine  
  108  7:50  Marine  
  112  7:52  SCV x2  
  112  7:54  SCV  
  112  7:57  Supply Depot  
  115  8:04  SCV x2  
  117  8:07  Supply Depot x2  
  117  8:09  Supply Depot  
  117  8:18  SCV x2  
  117  8:19  Widow Mine x2, Ghost, Supply Depot  
  125  8:21  Supply Depot  
  125  8:27  Supply Depot  
  125  8:28  Marine, Ghost x2  
  125  8:30  Marine x2  
  125  8:31  Marine  
  125  8:33  Supply Depot  
  133  8:44  SCV x3  
  133  8:46  Refinery x2  
  133  8:47  Ghost  
  138  8:56  Ghost x2  
  138  8:58  Marine x4  
  145  9:04  Widow Mine x2  
  145  9:08  Viking, SCV x3  
  154  9:12  Viking  
  156  9:22  Command Center  
  156  9:24  Marauder  
  156  9:26  Marauder x2  
  156  9:27  Marine  
  156  9:28  Marine x2  
  156  9:29  Marine  
  166  9:32  Supply Depot  
  166  9:38  Terran Infantry Armor Level 2  
  166  9:43  Supply Depot  
  166  9:45  Supply Depot  
  166  9:46  Viking  
  166  9:48  Viking  
  170  9:56  SCV  
  170  9:57  SCV  
  170  9:58  SCV  
  171  10:05  Starport  
  169  10:08  Factory Reactor  
  169  10:09  SCV x2, Terran Infantry Weapons Level 3  
  171  10:19  Barracks  
  171  10:20  Barracks  
  171  10:21  Barracks  
  171  10:23  SCV x3  
  174  10:30  Viking x2  
  174  10:34  Marauder x3  
  184  10:39  Marine x2  
  184  10:40  Marine x2  
  186  10:43  SCV x3  
  189  10:50  Viking x2  
  189  10:55  SCV x2  
  195  11:05  Planetary Fortress  
  195  11:07  Command Center x2, Missile Turret  
  195  11:08  Missile Turret  
  195  11:12  Barracks Reactor, Barracks Tech Lab  
  195  11:14  Barracks Tech Lab  
  192  11:19  Ghost x2  
  192  11:20  Marauder  
  192  11:23  Marine  
  192  11:24  Marine x3  
  196  11:32  Marauder x2  
  200  11:46  Fusion Core  
  199  11:57  Refinery x2  
  199  11:58  Command Center x2  
  194  12:22  Marauder  
  190  12:25  Ghost  
  190  12:29  Liberator x2  
  194  12:33  Liberator x2  
  194  12:35  Orbital Command x2  
  200  12:37  Command Center  
  200  12:39  Command Center, Advanced Ballistics  
  200  12:42  Missile Turret  
  200  12:57  Sensor Tower, Command Center  
  198  12:59  Marauder  
  198  13:03  Marauder x2, Marine x2  
  158  13:06  Marauder, Ghost  
  150  13:14  Marine x2  
  150  13:17  Liberator x3  
  161  13:20  Marauder  
  161  13:21  Orbital Command  
  161  13:24  Marauder x2  
  165  13:28  Liberator  
  168  13:34  Ghost  
  168  13:38  Ghost  
  160  13:42  Marauder  
  160  13:43  Marine x2  
  160  13:45  Marauder  
  160  13:46  Marauder, Marine x3  
  151  13:53  Marine  
  150  14:01  Marine  
  151  14:03  Marauder  
  151  14:04  Marauder  
  151  14:07  Marauder  
  145  14:15  Marauder x2, Orbital Command  
  131  14:21  Marine x2  
  127  14:25  Marauder x2  
  127  14:28  Marauder  
  133  14:31  Marine x2  
  133  14:32  Marine x2, Planetary Fortress  
  133  14:36  Marauder x2, Orbital Command  
  141  14:39  Marine  
  141  14:42  Orbital Command  
  142  14:45  Marine, Ghost  
  142  14:49  Liberator x3  
  154  14:58  Terran Infantry Armor Level 3, Terran Ship Weapons Level 1  
  154  15:00  Ghost x3  
  154  15:04  Marauder  
  162  15:13  SCV x2  
  164  15:17  Liberator  
  164  15:18  Ghost  
  169  15:23  Marine x2  
  169  15:24  Ghost  
  169  15:26  Marine x4  
  177  15:29  Marauder x2, Marine  
  177  15:31  Planetary Fortress, Liberator  
  177  15:32  Medivac x2  
  177  15:35  Missile Turret  
  189  15:47  Marauder  
  189  15:48  Marauder  
  180  15:51  Marauder  
  180  15:52  Marauder, Marine  
  180  15:53  Marine  
  180  15:54  Marauder  
  184  16:00  Liberator  
  184  16:01  Liberator  
  184  16:02  Liberator  
  193  16:08  Marauder  
  195  16:14  Marauder  
  195  16:15  Marauder  
  199  16:19  Missile Turret  
  199  16:30  Ghost x2  
  200  16:42  Marauder  
  200  16:43  Marauder  
  196  16:56  Marauder  
  196  16:59  Marauder  
  190  17:02  Marauder  
  190  17:03  Marine x2  
  190  17:04  Marauder  
  190  17:07  Ghost  
  190  17:08  Marine x2  
  167  17:10  Marine  
  167  17:11  Marine  
  167  17:13  Liberator x4  
  164  17:17  Marauder  
  164  17:20  Marine x2, Refinery, SCV x3  
  164  17:21  Refinery  
  169  17:23  Marauder  
  169  17:25  Marauder  
  171  17:36  Marauder, Marine x4  
  171  17:37  Marine  
  172  17:38  Ghost, SCV  
  172  17:39  Marauder, SCV x3  
  172  17:43  Ghost  
  181  17:47  Marauder  
  183  17:58  Marauder  
  185  17:59  Ghost  
  187  18:06  Ghost  
  187  18:07  Ghost  
  185  18:13  Marauder  
  185  18:14  Marine x2  
  185  18:15  Marine x2  
  185  18:17  Liberator  
  185  18:19  Marauder  
  176  18:28  Ghost  
  174  18:34  Marauder  
  174  18:35  Marine x2  
  174  18:36  Marauder  
  174  18:37  Marauder  
  174  18:38  Marine x2  
  174  18:40  Marauder, Liberator  
  174  18:41  Liberator  
  187  18:57  Marauder x2, Marine x2  
  187  18:58  Marauder  
  187  18:59  Marine  
  187  19:00  Marine x2  
  187  19:02  Marauder  
  200  19:31  Marauder x2  
  195  19:33  Marauder x2  
  195  19:44  Marauder  
  185  19:49  Liberator x2  
  185  19:52  Marauder x2  
  195  19:55  Marauder x2  
  199  20:05  Marauder  
  199  20:17  Marauder x3  
  199  20:18  Marauder  
  180  20:21  Marine x3  
  180  20:22  Marine x2  
  180  20:26  Marauder, Liberator x2  
  189  20:32  Medivac x2, Refinery x2  
  189  20:35  Command Center  
  193  20:36  Command Center  
  193  20:38  Marauder x2  
  193  20:39  Marauder  
  193  20:42  Sensor Tower  
  185  21:27  Marauder x2  
Show
View Real Time Build Order
Export as new Build Order

Creator Protoss 

Build Orders: 1 Gate Expand, Phoenix Opening, Colossus Rush 

Get SALT Encoding   

  12  0:00  Probe  
  13  0:12  Probe  
  14  0:17  Pylon  
  14  0:24  Probe (Chrono Boost)  
  15  0:36  Gateway, Probe (Chrono Boost)  
  16  0:44  Probe (Chrono Boost)  
  16  0:45  Assimilator  
  17  0:51  Probe  
  18  1:03  Probe  
  19  1:15  Probe  
  20  1:23  Cybernetics Core  
  20  1:32  Nexus  
  20  1:38  Pylon  
  22  1:50  Assimilator  
  22  1:53  Probe  
  23  2:04  Adept (Chrono Boost)  
  23  2:05  Probe  
  23  2:17  Probe  
  23  2:19  Stargate  
  24  2:24  Adept (Chrono Boost)  
  24  2:29  Probe  
  27  2:31  Warp Gate  
  27  2:41  Probe  
  28  2:44  Probe  
  28  2:47  Adept  
  28  2:48  Shield Battery  
  31  2:58  Probe  
  32  3:01  Phoenix (Chrono Boost), Probe  
  35  3:10  Probe  
  36  3:13  Probe  
  36  3:17  Phoenix  
  39  3:22  Probe  
  39  3:24  Pylon  
  39  3:25  Probe  
  41  3:34  Probe  
  41  3:37  Robotics Facility, Probe  
  43  3:46  Probe  
  44  3:48  Gateway  
  44  3:49  Probe  
  44  3:53  Phoenix (Chrono Boost)  
  47  4:00  Gateway  
  47  4:02  Probe  
  48  4:04  Probe  
  48  4:08  Pylon  
  49  4:14  Probe  
  49  4:15  Phoenix  
  49  4:16  Probe  
  53  4:26  Pylon, Probe  
  54  4:35  Shield Battery  
  55  4:39  Nexus  
  55  4:43  Probe x2  
  56  4:53  Phoenix  
  56  4:57  Assimilator  
  56  4:58  Assimilator  
  58  5:02  Robotics Bay  
  58  5:04  Forge, Probe  
  58  5:05  Probe  
  60  5:09  Pylon  
  60  5:15  Immortal (Chrono Boost)  
  60  5:20  Probe  
  65  5:22  Probe  
  65  5:32  Probe (Chrono Boost)  
  65  5:33  Sentry  
  65  5:34  Probe (Chrono Boost)  
  67  5:40  Protoss Ground Weapons Level 1  
  67  5:45  Probe (Chrono Boost)  
  67  5:46  Probe (Chrono Boost)  
  69  5:50  Probe x2 (Chrono Boost)  
  69  5:52  Probe (Chrono Boost)  
  69  5:56  Colossus (Chrono Boost)  
  72  6:03  Probe x2  
  80  6:04  Probe  
  80  6:08  Photon Cannon  
  80  6:09  Zealot, Sentry  
  83  6:26  Probe x3  
  86  6:32  Pylon  
  86  6:33  Pylon  
  86  6:35  Colossus (Chrono Boost)  
  86  6:38  Probe  
  86  6:39  Photon Cannon  
  93  6:42  Pylon  
  93  6:46  Pylon  
  93  6:49  Extended Thermal Lance  
  93  6:50  Probe x3  
  93  6:51  Pylon  
  93  6:53  Shield Battery  
  96  6:56  Twilight Council  
  96  7:00  Gateway  
  96  7:03  Probe (Chrono Boost)  
  96  7:04  Pylon, Probe x2 (Chrono Boost)  
  96  7:07  Zealot, Sentry  
  103  7:10  Assimilator  
  103  7:12  Assimilator  
  103  7:20  Zealot, Colossus (Chrono Boost)  
  111  7:26  Probe x2  
  111  7:27  Probe  
  114  7:34  Charge  
  114  7:43  Zealot x3, Gateway x2  
  120  7:44  Gateway  
  120  7:45  Protoss Ground Armor Level 1 (Chrono Boost)  
  120  7:57  Templar Archives, Gateway  
  120  8:05  Nexus  
  120  8:06  Observer  
  120  8:07  Shield Battery  
  120  8:12  Photon Cannon  
  121  8:13  Zealot x3  
  121  8:16  Probe x3  
  130  8:22  Forge  
  130  8:25  Warp Prism (Chrono Boost)  
  130  8:27  Pylon  
  130  8:31  Probe x3  
  130  8:34  High Templar x2  
  137  8:36  Pylon  
  137  8:38  Archon  
  139  8:46  Photon Cannon, Zealot, High Templar x2  
  139  8:48  Pylon  
  144  8:51  Archon  
  144  8:52  Observer (Chrono Boost)  
  144  8:53  Probe x3  
  148  9:06  Protoss Ground Weapons Level 2 (Chrono Boost), Robotics Facility  
  148  9:07  Zealot  
  148  9:08  Zealot x3  
  156  9:18  Blink  
  156  9:22  Gateway  
  156  9:23  Disruptor (Chrono Boost), Protoss Ground Armor Level 2 (Chrono Boost)  
  157  9:38  Stalker x3  
  157  9:42  Gravitic Drive (Chrono Boost), Assimilator  
  157  9:43  Assimilator  
  163  9:53  Zealot x4  
  159  10:01  Probe x4  
  159  10:03  Disruptor (Chrono Boost)  
  159  10:04  Nexus  
  159  10:05  Pylon  
  159  10:07  Zealot x5  
  159  10:08  Pylon  
  159  10:10  Disruptor (Chrono Boost)  
  172  10:15  Shield Battery  
  172  10:17  Photon Cannon  
  172  10:21  Dark Shrine  
  172  10:26  Zealot x3, Disruptor (Chrono Boost)  
  172  10:27  Pylon  
  175  10:35  Disruptor (Chrono Boost)  
  171  10:42  Zealot x5  
  176  10:54  Disruptor (Chrono Boost)  
  175  10:58  Gravitic Boosters  
  175  10:59  Probe x4  
  175  11:01  Stalker x2  
  175  11:02  Disruptor (Chrono Boost)  
  183  11:11  Probe  
  177  11:20  Disruptor (Chrono Boost)  
  180  11:28  Robotics Facility  
  180  11:29  Stalker x4  
  180  11:31  Shield Battery  
  188  11:32  Photon Cannon  
  188  11:33  Observer (Chrono Boost)  
  188  11:35  Stalker, Shield Battery  
  188  11:36  Stalker  
  190  11:43  Protoss Ground Weapons Level 3 (Chrono Boost)  
  190  11:44  Probe x2  
  190  11:45  Probe x3  
  194  11:47  Disruptor  
  194  11:48  Disruptor  
  194  11:52  Gateway  
  198  11:55  Gateway  
  198  11:57  Protoss Ground Armor Level 3 (Chrono Boost)  
  189  12:21  Disruptor x2 (Chrono Boost)  
  180  12:27  Shadow Stride  
  187  12:31  Observer (Chrono Boost)  
  187  12:32  Zealot, Stalker x2  
  187  12:33  Dark Templar  
  195  12:42  Assimilator  
  195  12:44  Disruptor (Chrono Boost), Nexus  
  195  12:46  Assimilator  
  195  12:50  Observer  
  194  12:59  Observer  
  180  13:10  Stalker x11  
  180  13:12  Warp Prism (Chrono Boost)  
  194  13:23  Pylon  
  196  13:30  Warp Prism (Chrono Boost)  
  162  13:54  Dark Templar x7  
  162  13:55  Stalker x4  
  178  13:56  Immortal (Chrono Boost)  
  178  14:02  Archon x2  
  178  14:07  Colossus (Chrono Boost)  
  160  14:14  Colossus (Chrono Boost)  
  127  14:25  Probe x3  
  127  14:27  Nexus  
  127  14:28  Photon Cannon, Probe x2  
  127  14:29  Photon Cannon  
  132  14:32  Disruptor (Chrono Boost)  
  132  14:33  Protoss Shields Level 1 (Chrono Boost)  
  132  14:37  Probe  
  136  14:41  Stalker x4, Sentry  
  136  14:42  Zealot x6  
  158  14:49  Shield Battery  
  158  14:51  Immortal (Chrono Boost)  
  158  14:59  Observer (Chrono Boost)  
  166  15:01  Disruptor (Chrono Boost)  
  166  15:04  Nexus  
  164  15:08  Pylon  
  164  15:13  Dark Templar  
  164  15:14  Dark Templar x3  
  170  15:17  Stalker x3  
  178  15:22  Stalker x2  
  178  15:27  Disruptor (Chrono Boost)  
  184  15:35  Disruptor  
  184  15:41  Zealot x2  
  184  15:42  Zealot, Observer, Stalker  
  182  15:51  Stalker  
  182  15:52  Stalker x3  
  182  15:53  Disruptor  
  182  15:56  Probe  
  195  15:57  Probe x3  
  195  16:00  Phoenix (Chrono Boost)  
  199  16:05  Probe  
  200  16:13  Photon Cannon  
  200  16:14  Shield Battery  
  197  16:44  Gateway  
  197  16:45  Nexus  
  187  16:47  Dark Templar x7, Gateway  
  187  16:54  Zealot  
  186  16:59  Archon  
  165  17:05  Colossus (Chrono Boost)  
  137  17:09  Colossus (Chrono Boost)  
  137  17:11  Nexus  
  137  17:12  Stalker x3  
  139  17:19  Probe x4  
  139  17:20  Probe  
  139  17:21  Colossus (Chrono Boost)  
  144  17:27  Zealot x3, Sentry  
  144  17:28  Zealot x2  
  162  17:36  Stalker x2  
  166  17:39  Stalker x2  
  166  17:40  Observer  
  166  17:42  Assimilator  
  169  17:56  Disruptor (Chrono Boost), Stalker x2  
  169  17:57  Pylon, Assimilator  
  176  17:59  Zealot  
  166  18:17  Disruptor  
  166  18:18  Disruptor  
  155  18:20  Phoenix  
  155  18:25  Disruptor  
  130  18:29  Zealot x6, Stalker  
  130  18:30  Zealot x3  
  145  18:34  Zealot x2  
  145  18:41  Stalker  
  146  18:56  Probe x4  
  146  18:59  Probe  
  146  19:02  Probe  
  151  19:06  Stalker, High Templar x2, Sentry  
  159  19:10  Dark Templar  
  159  19:12  Archon  
  161  19:20  Dark Templar  
  163  19:27  Disruptor (Chrono Boost)  
  158  19:52  Zealot x6, Stalker x2  
  167  19:53  Zealot x2  
  167  19:57  Disruptor (Chrono Boost)  
  167  20:02  Disruptor (Chrono Boost)  
  167  20:06  Stalker  
  170  20:13  Stalker  
  170  20:14  Stalker x2  
  148  21:14  Stalker x3  
  148  21:15  Stalker  
  149  21:26  Stalker x3  
  149  21:30  Probe x2  
  149  21:31  Probe x2  
  153  21:36  Observer (Chrono Boost)  
Tags
 
Add a new tag
Caveats
  • Supply blocks, unpowered buildings, or Contaminate may cause inaccurate times.
  • Supply counts are checked every 10 seconds.